Map: Amygdala

Players

Reynor - Winner!

  • Race: Zerg Zerg
  • Spawn Location: 1:00

DnS

  • Race: Protoss Protoss
  • Spawn Location: 7:00

Event: HomeStory Cup XXVI

VOD

Have the link to the VOD?

Description

Time

  • Played on: Nov. 30, 2024, 7:41 a.m.
  • Length: 8:18

All games in this series

Show
View Real Time Build Order
Export as new Build Order

Reynor Zerg - Winner!

Build Orders: Hatch First 

Get SALT Encoding   

  12  0:00  Drone  
  13  0:12  Overlord  
  13  0:16  Drone  
  14  0:30  Drone  
  15  0:42  Hatchery  
  14  0:45  Drone  
  14  0:49  Drone  
  16  0:53  Drone  
  17  0:57  Drone  
  17  1:03  Extractor  
  17  1:12  Spawning Pool  
  17  1:15  Drone  
  17  1:18  Drone  
  18  1:29  Drone  
  20  1:40  Drone  
  20  1:50  Overlord  
  20  1:54  Drone  
  21  1:58  Queen x2  
  21  2:01  Drone  
  26  2:05  Drone  
  27  2:11  Drone  
  28  2:16  Drone  
  28  2:21  Metabolic Boost  
  29  2:23  Zergling x2  
  29  2:26  Drone  
  31  2:33  Drone  
  32  2:38  Drone  
  33  2:45  Overlord  
  33  2:48  Drone  
  34  2:56  Queen  
  36  2:59  Overlord  
  36  3:00  Evolution Chamber  
  36  3:02  Drone  
  36  3:08  Drone x2  
  36  3:10  Hatchery  
  37  3:13  Drone x2  
  37  3:14  Drone  
  37  3:19  Drone  
  42  3:20  Drone  
  42  3:26  Zerg Melee Weapons Level 1  
  42  3:29  Drone  
  42  3:30  Spore Crawler  
  42  3:31  Drone  
  43  3:34  Queen  
  43  3:39  Zergling x4  
  43  3:40  Zergling x2  
  48  3:44  Overlord  
  48  3:49  Overlord  
  48  3:56  Overlord  
  49  4:02  Drone  
  49  4:03  Drone x2  
  49  4:04  Drone  
  49  4:08  Drone  
  49  4:09  Queen  
  55  4:10  Spore Crawler  
  55  4:12  Drone  
  55  4:13  Drone x2  
  55  4:14  Drone  
  58  4:22  Queen  
  60  4:25  Drone x2  
  60  4:27  Drone  
  62  4:32  Drone  
  62  4:34  Drone x2  
  65  4:40  Lair  
  65  4:47  Drone x2  
  65  4:48  Zergling x10  
  72  4:53  Overlord  
  72  4:56  Drone x3, Extractor  
  74  5:07  Hatchery  
  74  5:08  Drone, Overlord  
  74  5:11  Drone x4  
  74  5:12  Drone  
  79  5:18  Zergling x2  
  80  5:22  Overlord  
  78  5:30  Drone x3  
  78  5:31  Drone x4  
  78  5:33  Drone  
  78  5:34  Overlord  
  84  5:39  Drone x3  
  84  5:40  Hydralisk Den  
  84  5:41  Zerg Melee Weapons Level 2  
  84  5:42  Extractor  
  85  5:44  Overlord  
  85  5:46  Drone x2  
  87  5:51  Extractor  
  87  5:52  Spore Crawler, Overlord  
  87  5:54  Extractor  
  83  5:57  Zergling x12  
  83  5:58  Zergling x2  
  89  6:07  Overlord  
  89  6:09  Hydralisk x2  
  89  6:10  Hydralisk  
  96  6:13  Muscular Augments  
  96  6:14  Drone  
  96  6:15  Drone  
  93  6:19  Hydralisk  
  93  6:20  Zergling x4  
  93  6:21  Zergling x2  
  93  6:23  Hydralisk  
  93  6:25  Zergling x6  
  103  6:30  Hydralisk  
  103  6:31  Zergling x4  
  107  6:35  Overlord  
  107  6:39  Hydralisk x2  
  111  6:40  Zergling x4  
  113  6:47  Hydralisk x2  
  113  6:48  Zergling x2  
  113  6:52  Hydralisk  
  113  6:53  Zergling x10  
  125  6:56  Hydralisk  
  125  6:57  Zergling x2  
  125  6:59  Overlord  
  125  7:01  Zergling x2  
  129  7:05  Hydralisk x2  
  129  7:06  Zergling x6  
  136  7:13  Hydralisk x2  
  136  7:14  Zergling x4  
  141  7:15  Overlord  
  141  7:19  Overlord  
  141  7:20  Hydralisk  
  141  7:21  Zergling x6  
  146  7:28  Zergling x10  
  151  7:30  Overlord  
  151  7:35  Hatchery, Hydralisk x2  
  151  7:36  Zergling x6  
  151  7:37  Zergling x2  
  158  7:40  Zergling x6  
  158  7:41  Overlord  
  159  7:47  Hydralisk  
  159  7:48  Zergling x6  
  159  7:49  Hydralisk  
  156  7:52  Zergling x6  
  156  7:55  Zergling x4  
Show
View Real Time Build Order
Export as new Build Order

DnS Protoss 

Build Orders: 1 Gate Expand, Oracle Opening 

Get SALT Encoding   

  12  0:00  Probe  
  13  0:12  Probe  
  14  0:17  Pylon  
  14  0:24  Probe  
  14  0:27  Assimilator  
  15  0:33  Probe  
  15  0:42  Probe  
  16  0:43  Gateway  
  17  0:52  Probe  
  18  1:04  Probe  
  19  1:16  Probe  
  20  1:23  Nexus  
  20  1:33  Cybernetics Core  
  20  1:36  Probe  
  21  1:41  Assimilator  
  21  1:48  Probe  
  21  1:52  Pylon  
  22  2:00  Probe  
  23  2:11  Probe  
  23  2:12  Stargate  
  23  2:14  Adept  
  26  2:18  Warp Gate  
  26  2:19  Probe  
  26  2:27  Probe  
  27  2:31  Probe  
  29  2:39  Probe x2  
  31  2:44  Adept  
  31  2:49  Probe  
  31  2:51  Probe  
  35  2:56  Void Ray  
  35  3:04  Probe  
  40  3:08  Probe  
  41  3:14  Pylon  
  41  3:16  Probe  
  42  3:21  Gateway, Probe  
  42  3:24  Oracle  
  43  3:28  Probe  
  43  3:33  Probe  
  48  3:43  Adept  
  50  3:51  Nexus  
  50  3:53  Probe  
  50  3:54  Probe  
  52  3:57  Pylon  
  52  4:05  Oracle  
  52  4:06  Probe  
  52  4:07  Assimilator, Probe  
  52  4:09  Assimilator  
  54  4:10  Pylon  
  57  4:20  Probe x2  
  59  4:32  Probe  
  59  4:33  Probe  
  59  4:37  Robotics Facility, Adept x2  
  65  4:44  Probe  
  66  4:51  Probe  
  67  4:55  Forge  
  67  4:57  Gateway, Pylon  
  67  5:00  Probe x3  
  70  5:07  Sentry  
  70  5:08  Shield Battery, Probe x2  
  70  5:09  Probe  
  75  5:17  Probe  
  75  5:18  Probe  
  75  5:19  Probe  
  78  5:30  Probe  
  78  5:33  Observer, Probe x2  
  78  5:34  Assimilator, Protoss Ground Weapons Level 1  
  74  5:36  Assimilator  
  74  5:37  Robotics Facility  
  74  5:38  Robotics Bay  
  74  5:40  Pylon  
  74  5:41  Immortal  
  74  5:42  Probe  
  75  5:44  Zealot  
  75  5:48  Probe x2  
  84  5:57  Probe  
  84  6:00  Probe  
  85  6:04  Probe  
  85  6:07  Twilight Council  
  85  6:09  Pylon, Probe  
  85  6:11  Pylon  
  87  6:16  Colossus x2  
  87  6:18  Pylon  
  99  6:38  Gateway  
  99  6:39  Gateway  
  99  6:41  Gateway  
  99  6:44  Pylon  
  99  6:54  Probe x2  
  101  6:58  Photon Cannon  
  101  6:59  Nexus, Pylon  
  101  7:03  Colossus  
  101  7:04  Colossus  
  101  7:10  Pylon  
  113  7:18  Zealot x2  
  117  7:28  Photon Cannon  
  117  7:32  Shield Battery, Probe  
  117  7:33  Probe x2  
  117  7:34  Photon Cannon  
  120  7:39  Templar Archives  
  120  7:45  Zealot x3  
  120  7:46  Zealot  
  112  7:54  Zealot x2  
  103  8:09  Zealot x2  
Tags
 
Add a new tag
Caveats
  • Supply blocks, unpowered buildings, or Contaminate may cause inaccurate times.
  • Supply counts are checked every 10 seconds.